 Dungeon Crawl Stone Soup version 0.29-a0-542-g075992c915 (webtiles) character file.

Game seed: 11522399905449921100

93 xian the Slasher (level 4, 0/34 HPs)
             Began as a Demonspawn Gladiator on June 4, 2022.
             Slain by an orc
             ... wielding a +0 whip
              (4 damage)
             ... on level 4 of the Dungeon.
             The game lasted 00:03:59 (1781 turns).

xian the Slasher (Demonspawn Gladiator)             Turns: 1781, Time: 00:04:00

Health: 0/34       AC:  6    Str: 16    XL:     4   Next: 37%
Magic:  4/4        EV: 12    Int: 10    God:
Gold:   110        SH:  0    Dex: 14    Spells: 3/3 levels left

rFire   . . .      SeeInvis .   g - +3 mace
rCold   . . .      Faith    .   (no shield)
rNeg    . . .      Spirit   .   b - +0 leather armour
rPois   .          Reflect  .   c - +1 helmet
rElec   .          Harm     .   (no cloak)
rCorr   .          Rampage  .   (no gloves)
Will    .....                   (no boots)
Stlth   +.........              (no amulet)
HPRegen 0.11/turn               (no ring)
MPRegen 0.09/turn               (no ring)

@: no status effects
A: claws 1, sharp scales 1
a: no special abilities


You were on level 4 of the Dungeon.
You visited 1 branch of the dungeon, and saw 3 of its levels.

You collected 110 gold pieces.

Inventory:

Hand Weapons
 a - a +0 long sword
 g - a +3 mace (weapon)
Missiles
 d - 3 throwing nets
 e - a javelin (quivered)
Armour
 b - a +0 leather armour (worn)
 c - a +1 helmet (worn)
Potions
 f - a potion of resistance {unknown}
 h - a potion of ambrosia {unknown}


   Skills:
 + Level 2.3 Fighting
 + Level 3.8 Long Blades
 + Level 1.8 Throwing
 + Level 1.2 Armour
 + Level 3.2 Dodging
 + Level 0.3 Stealth


You had 3 spell levels left.
You didn't know any spells.
Your spell library was empty.

Dungeon Overview and Level Annotations

Branches:
Dungeon (2/15)

Altars:


Innate Abilities, Weirdness & Mutations

You have sharp fingernails.
You are partially covered in razor-sharp scales. (AC +1, Slay +1)


Message History

A hobgoblin comes into view.
The hobgoblin shouts!
You hear a shout!
A quokka comes into view.
The hobgoblin hits you.
You hit the hobgoblin.
You kill the hobgoblin!
An orc priest comes into view. It is wielding a +0 trident.
The orc priest shouts!
You sock the quokka!
You kill the quokka! 2 orcs come into view.
An orc is wielding a +0 war axe of flaming.
The orc shouts!
You see here a quokka corpse.
An orc comes into view. It is wielding a +0 whip.
The orc shouts!
The orc priest barely misses you. The orc priest completely misses you.
You hit the orc priest but do no damage.
The orc closely misses you.
The orc priest hits you with a +0 trident.
The orc priest attacks as you move away!
The orc priest barely misses you. The orc priest misses you.
You thump the orc!
You kill the orc!
The orc barely misses you. The orc priest closely misses you.
The orc closely misses you.
The orc priest hits you from afar with a +0 trident.
You hit the orc but do no damage. The orc closely misses you.
The orc hits you with a +0 whip. The orc priest closely misses you.
You hit the orc.
The orc is lightly wounded.
The orc hits you but does no damage.
The orc priest hits you from afar with a +0 trident.
The orc barely misses you. The orc hits you but does no damage.
The orc priest mumbles some strange prayers to Beogh against you.
Pain shoots through your body!
* * * LOW HITPOINT WARNING * * *
The orc attacks as you move away! The orc hits you with a +0 whip.
You die...

##### ... ###...## ..###
##.#....##....#
##.....###.....#
#........#......
##.....<........
##........o......
#......†@)o......
##......o...###.. ####
#............# #..#
##...........## ...##
#........#.....
....#####......##.##...
......#............ ....
..#...............##....
..#.................


You could see an orc priest and 2 orcs.

Vanquished Creatures
  Jessica (D:2)
  3 adders
  A worm (D:2)
  2 dart slugs (D:2)
  An orc (D:4)
  A bat (D:1)
  3 endoplasms
  2 giant cockroaches
  2 goblins
  4 hobgoblins
  3 jackals (D:1)
  2 kobolds (D:1)
  A quokka (D:4)
  A ball python (D:1)
  A frilled lizard (D:1)
  3 rats (D:1)
31 creatures vanquished.

Notes
Turn   | Place    | Note
-------+----------+-------------------------------------------
     0 | D:1      | xian the Demonspawn Gladiator began the quest for the Orb.
     0 | D:1      | Reached XP level 1. HP: 16/16 MP: 1/1
   273 | D:1      | Gained mutation: You have sharp fingernails. [demonic
                  | ancestry]
   273 | D:1      | Reached XP level 2. HP: 22/22 MP: 2/2
   720 | D:1      | Found a faded altar of an unknown god.
  1051 | D:2      | Noticed Jessica
  1060 | D:2      | Killed Jessica
  1061 | D:2      | Reached XP level 3. HP: 16/27 MP: 3/3
  1090 | D:2      | HP: 1/27 [adder (1)]
  1609 | D:2      | Reached skill level 1 in Armour
  1609 | D:2      | Gained mutation: You are partially covered in razor-sharp
                  | scales. (AC +1, Slay +1) [demonic ancestry]
  1609 | D:2      | Reached XP level 4. HP: 28/33 MP: 4/4
  1679 | D:2      | You fall into a shaft and drop 2 floors!
  1781 | D:4      | Slain by an orc

Illustrated notes

Levels and vault maps discovered:
D:1:      psy_arrival_conway, layout_basic,
          shapermc_ecumenical_altar_mp_vishouse
D:2:      layout_rooms, minmay_lizard_pond, uniq_jessica
D:4:      layout_cave_pools

Skill      XL: |  1  2  3 |
---------------+----------+-----
Long Blades    | 3 |  3.8
Dodging        | 3 |  3.2
Armour         | 1 |  1.2
Fighting       | |  2.3
Throwing       | |  1.8
Stealth        | |  0.3

Action                   |  1- 3 |  4- 6 || total
-------------------------+-------+-------++-------
Melee: Long sword        |    88 |       ||    88
       Mace              |     5 |    19 ||    24
       Punch             |     1 |       ||     1
  Use: Scroll            |     3 |       ||     3
 Stab: Sleeping          |     1 |       ||     1
Armor: Leather armour    |    34 |     9 ||    43
Dodge: Dodged            |    66 |    23 ||    89

Table legend: (Time is in decaauts)
 A = Elapsed time spent in this place.
 B = Non-inter-level travel time spent in this place.
 C = Inter-level travel time spent in this place.
 D = Time resting spent in this place.
 E = Time spent auto-exploring this place.
 F = Levels seen in this place.
 G = Mean time per level.
                   A        B        C        D        E       F      G
               +--------+--------+--------+--------+--------+-----+--------+
         Total |   1815 |   1769 |     46 |    276 |    985 |   3 |  605.0 |
       Dungeon |   1815 |   1769 |     46 |    276 |    985 |   3 |  605.0 |
               +--------+--------+--------+--------+--------+-----+--------+

Top non-repeatable levels by time:
     D:1: 968 daAuts
     D:2: 739 daAuts
     D:4: 107 daAuts
